 Dungeon Crawl Stone Soup version 0.16-a0-4023-g001212b (webtiles) character file.

893 Sachiko the Shield-Bearer (level 7, -5/64 HPs)
             Began as a Minotaur Fighter on Feb 18, 2015.
             Was an Initiate of Ru.
             Slain by an ogre
             ... wielding a +0 giant spiked club
              (8 damage)
             ... on level 7 of the Dungeon.
             The game lasted 00:22:44 (4383 turns).

Sachiko the Shield-Bearer (Minotaur Fighter)        Turns: 4383, Time: 00:22:44

Health: -5/64      AC: 11    Str: 21    XL:     7   Next: 78%
Magic:  3/3        EV:  6    Int:  6    God:    Ru [......]
Gold:   218        SH: 10    Dex: 10    Spells: 0 memorised, 6 levels left

rFire  . . .     SeeInvis .     a - +0 long sword
rCold  . . .     Clarity  .     s - +0 chain mail
rNeg   . . .     SustAb   .     c - +0 shield
rPois  .         Gourm    .     (helmet restricted)
rElec  .         Spirit   .     (no cloak)
rCorr  .         Warding  .     (no gloves)
rMut   .         Stasis   .     j - +0 pair of boots
MR     .....                    (no amulet)
Stlth  ..........               (no ring)
                                (no ring)

@: not resistant to hostile enchantments, extremely unstealthy
A: retaliatory headbutt, horns 2
a: Renounce Religion


You were on level 7 of the Dungeon.
You worshipped Ru.
Ru was noncommittal.
You were hungry.

You visited 2 branches of the dungeon, and saw 8 of its levels.

You collected 218 gold pieces.

Inventory:

Hand weapons
 a - a +0 long sword (weapon)
Armour
 b - a +1 scale mail
 c - a +0 shield (worn)
 j - a +0 pair of boots (worn)
 q - a +0 large shield
 s - a +0 chain mail (worn)
Jewellery
 k - an uncursed amulet of stasis {unknown}
 o - an uncursed ring of loudness
Scrolls
 i - 2 scrolls of amnesia
 u - a scroll of identify
Potions
 e - 3 potions of might
 h - a potion of berserk rage {unknown}
 n - a potion of invisibility
 p - a potion of lignification
 r - a potion of mutation {unknown}
 v - a potion of ambrosia {unknown}
Comestibles
 d - 5 bread rations
 f - 3 meat rations
 g - 19 fruits
 l - a slice of pizza
 m - a beef jerky


   Skills:
 + Level 6.4 Fighting
 + Level 5.2 Long Blades
 + Level 6.6 Armour
 + Level 6.7 Shields


You had 6 spell levels left.
You didn't know any spells.

Dungeon Overview and Level Annotations

Branches:
Dungeon (7/15)             Temple (1/1) D:6

Altars:
Ashenzari
Dithmenos
Elyvilon
Fedhas
Makhleb
Nemelex Xobeh
Qazlal
Ru
Sif Muna
Trog
Vehumet
Xom
Zin
The Shining One

Shops:
D:7 }

Annotations:
D:5 Sigmund
D:7 wojtek's ghost, experienced KoAs


Innate Abilities, Weirdness & Mutations

You reflexively headbutt those who attack you in melee.
You have a pair of horns on your head.


Message History

You slash the hound!
You kill the hound!
The goliath beetle bites you!
There is a stone staircase leading down here.
You climb downwards.
Level annotation: wojtek's ghost, experienced KoAs An ogre comes into view.
It is wielding a giant spiked club.
The ogre shouts!
Found 17 gold pieces.
There is a stone staircase leading up here.
Drink which item? (? for menu, Esc to quit)
Okay, then.
You slash the ogre!
The ogre is moderately wounded.
The ogre hits you with a giant spiked club!!
* * * LOW HITPOINT WARNING * * *
You slash the ogre! You headbutt the ogre.
The ogre is severely wounded.
The ogre hits you with a giant spiked club!
You die...

### #..
#.#
###.###
#.....#
#.....#
#.O@$.#
#.....#
#.....#
#######


You could see an ogre.

Vanquished Creatures
  An ice beast (D:6)
  An ogre (D:5)
  A centaur (D:4)
  2 giant frogs
  A scorpion (D:4)
  2 wights (D:7)
  2 crimson imps (D:6)
  A hound (D:6)
  A giant frog skeleton (D:7)
  An iguana (D:7)
  A worker ant (D:4)
  A worker ant zombie (D:7)
  A shadow imp (D:7)
  8 adders
  A giant mite (D:6)
  2 worms (D:2)
  An adder skeleton (D:4)
  4 giant geckos
  4 oozes
  4 orcs (D:3)
  4 ball pythons
  8 bats
  A bat skeleton (D:7)
  6 giant cockroaches
  12 goblins
  14 hobgoblins
  14 jackals
  2 quokkas
  6 giant newts
  A hobgoblin zombie (D:7)
  A jackal skeleton (D:6)
  10 kobolds
  A quokka skeleton (D:4)
  11 rats
131 creatures vanquished.

Notes
Turn   | Place    | Note
--------------------------------------------------------------
     0 | D:1      | Sachiko, the Minotaur Fighter, began the quest for the Orb.
     0 | D:1      | Reached XP level 1. HP: 19/19 MP: 1/1
    88 | D:1      | Reached XP level 2. HP: 27/27 MP: 1/1
   131 | D:1      | Reached skill level 4 in Shields
   354 | D:1      | Reached XP level 3. HP: 29/33 MP: 2/2
  1085 | D:2      | Reached XP level 4. HP: 41/41 MP: 2/2
  1325 | D:2      | Reached skill level 5 in Fighting
  1781 | D:3      | Reached skill level 5 in Shields
  1801 | D:3      | Reached XP level 5. HP: 48/48 MP: 2/2
  2483 | D:4      | Reached skill level 5 in Armour
  2667 | D:4      | Noticed a centaur
  2676 | D:4      | Killed a centaur
  2676 | D:4      | Reached XP level 6. HP: 14/56 MP: 3/3
  2942 | D:4      | You fall through a shaft for 3 floors!
  2985 | D:7      | Found Bluiboph's Gadget Boutique.
  3085 | D:7      | Noticed wojtek's ghost (experienced KoAs)
  3177 | D:7      | Reached skill level 6 in Shields
  3183 | D:7      | Reached XP level 7. HP: 23/62 MP: 3/3
  3314 | D:6      | Found a burning altar of Makhleb.
  3315 | D:6      | Found a shimmering altar of Xom.
  3454 | D:6      | Found a staircase to the Ecumenical Temple.
  3457 | Temple   | Entered the Ecumenical Temple
  3511 | Temple   | Became a worshipper of Ru the Awakened
  3593 | D:5      | Entered Level 5 of the Dungeon
  3593 | D:5      | Noticed Sigmund
  3633 | D:6      | Found a blossoming altar of Fedhas.
  3786 | D:6      | Reached skill level 5 in Long Blades
  4382 | D:7      | HP: 2/64 [ogre/giant spiked club (27)]
  4383 | D:7      | Slain by an ogre

Action                   |  1- 3 |  4- 6 |  7- 9 || total
-------------------------+-------+-------+-------++-------
Melee: Long sword        |   102 |   195 |   152 ||   449
  Use: Potion            |     3 |     3 |     4 ||    10
       Scroll            |     4 |       |     5 ||     9
  Eat: Chunk             |       |     6 |     2 ||     8
       Fruit             |       |     2 |       ||     2
       Pizza             |       |       |     1 ||     1
